Map: Terrasses de Prion

Players

zidar

  • Race: Zerg Zerg
  • League: Silver
  • Spawn Location: 11:00

colRedKAtt - Winner!

  • Race: Terran Terran
  • League: Silver
  • Spawn Location: 5:00

VOD

Have the link to the VOD?

Description

Time

  • Played on: Feb. 15, 2016, 1:56 p.m.
  • Length: 5:58
Show
View Real Time Build Order
Export as new Build Order

zidar Zerg 

Build Orders: Hatch First 

Get SALT Encoding   

  12  0:02  Drone  
  13  0:12  Overlord  
  13  0:17  Drone  
  14  0:30  Drone x2  
  14  0:34  Drone  
  17  0:54  Hatchery  
  17  0:56  Drone  
  17  1:00  Extractor  
  17  1:01  Drone  
  17  1:14  Drone  
  18  1:28  Spawning Pool  
  17  1:36  Drone  
  17  1:37  Drone  
  17  1:39  Overlord  
  19  1:50  Evolution Chamber  
  18  2:05  Drone  
  18  2:06  Drone  
  20  2:12  Drone  
  20  2:14  Queen  
  22  2:16  Queen  
  24  2:36  Metabolic Boost  
  24  2:39  Zergling x6  
  27  2:50  Zergling x2  
  27  2:51  Zergling x4  
  30  2:52  Zergling x2  
  31  2:59  Overlord  
  31  3:20  Drone x4  
  31  3:24  Extractor  
  34  3:56  Drone x2  
  34  3:57  Overlord x4  
  32  4:24  Lair, Baneling Nest  
  32  4:27  Drone x7  
  38  4:44  Hatchery  
  37  4:47  Extractor  
  37  4:49  Queen  
  37  4:50  Extractor  
  37  4:51  Overlord  
  37  4:54  Zergling x8  
  37  4:55  Zergling x2  
  42  5:01  Drone  
  34  5:24  Zergling x20  
  34  5:27  Baneling x2  
Show
View Real Time Build Order
Export as new Build Order

colRedKAtt Terran - Winner!

Build Orders:  

Get SALT Encoding   

  12  0:01  SCV  
  13  0:13  SCV  
  14  0:22  Supply Depot  
  14  0:25  SCV  
  15  0:37  Refinery  
  15  0:44  SCV  
  15  0:45  Barracks  
  16  0:56  SCV  
  17  1:08  SCV  
  18  1:23  SCV  
  19  1:34  Marine  
  19  1:36  Supply Depot  
  19  1:37  Orbital Command  
  20  1:47  Barracks  
  20  1:52  Barracks  
  20  2:00  Barracks Tech Lab  
  20  2:05  SCV  
  21  2:18  Combat Shield  
  21  2:20  Marine  
  22  2:27  SCV  
  23  2:30  Supply Depot  
  23  2:35  Marine  
  23  2:41  Barracks Reactor  
  23  2:47  Marauder  
  23  2:50  SCV  
  26  2:56  Barracks, Barracks Tech Lab  
  26  3:02  SCV  
  27  3:06  Supply Depot  
  27  3:09  Marauder  
  29  3:18  Concussive Shells, Marine  
  29  3:19  Marine, Marauder  
  33  3:31  Marauder  
  35  3:36  Marine x2  
  35  3:41  Marauder  
  39  3:47  Supply Depot  
  39  3:48  Marine  
  39  3:52  Marauder  
  39  3:54  Marine x2  
  44  4:02  Marauder, Supply Depot  
  46  4:08  Marine  
  38  4:25  Marine  
  41  4:38  Marauder  
  41  4:39  SCV  
  41  4:42  Marine, Marauder  
  45  4:51  SCV  
  48  5:00  Marauder  
  48  5:03  SCV  
  49  5:15  SCV  
  50  5:30  Marauder  
  50  5:31  Marine x3, Marauder  
Tags
 
Add a new tag
Caveats
  • Supply blocks, unpowered buildings, or Contaminate may cause inaccurate times.
  • Supply counts are checked every 10 seconds.